 Dungeon Crawl Stone Soup version 0.22-a0-395-gfed312b (webtiles) character file.

16 4thArraOfDagon the Magician (level 2, -1/19 HPs)
             Began as a Mummy Fire Elementalist on May 3, 2018.
             Slain by a hobgoblin (4 damage)
             ... on level 1 of the Dungeon.
             The game lasted 00:01:01 (400 turns).

4thArraOfDagon the Magician (MuFE)                   Turns: 400, Time: 00:01:01

Health: -1/19      AC:  2    Str: 11    XL:     2   Next: 37%
Magic:  3/6        EV: 12    Int: 14    God:
Gold:   14         SH:  0    Dex: 12    Spells: 6/7 levels left

rFire    x . .     SeeInvis .   (no weapon)
rCold    + . .     Gourm    .   (no shield)
rNeg     + + +     Faith    .   a - +0 robe
rPois    ∞         Spirit   .   (no helmet)
rElec    .         Reflect  .   (no cloak)
rCorr    .         Harm     .   (no gloves)
MR       .....                  (no boots)
Stlth    ++........             b - amulet of inaccuracy (curse)
HPRegen  0.06/turn              (no ring)
MPRegen  0.10/turn              (no ring)

@: no status effects
A: no food or potions, fire vulnerability, cold resistance 1, negative energy
resistance 3, torment resistance, unbreathing
a: no special abilities


You were on level 1 of the Dungeon.
You were not hungry.

You visited 1 branch of the dungeon, and saw 1 of its levels.

You collected 14 gold pieces.

Inventory:

Missiles
 d - a javelin (quivered)
Armour
 a - a +0 robe (worn)
Jewellery
 b - a cursed amulet of inaccuracy (around neck)


   Skills:
 - Level 1.5 Dodging
 - Level 1.5 Stealth
 + Level 3.0 Spellcasting
 * Level 1.3 Conjurations
 * Level 2.7 Fire Magic


You had 6 spell levels left.
You knew the following spells:

 Your Spells              Type           Power        Failure   Level  Hunger
a - Flame Tongue          Conj/Fire      #....        10%         1    N/A

Dungeon Overview and Level Annotations

Branches:
Dungeon (1/15)

Altars:


Innate Abilities, Weirdness & Mutations

You do not eat or drink.
Your flesh is vulnerable to fire.
You are immune to poison.
Your flesh is cold resistant. (rC+)
You are immune to negative energy. (rN+++)
You are immune to unholy pain and torment.
You can survive without breathing.


Message History

A rat comes into view.
Throwing (i - inventory)
d - 2 javelins (quivered)
Press: ? - help, Shift-Dir - straight line, f/p - hobgoblin
Aim: a hobgoblin (almost dead)
You throw a javelin.
The javelin barely misses the hobgoblin.
The javelin closely misses the rat.
The javelin hits the ooze.
The ooze is moderately wounded.
The hobgoblin hits you. x2
* * * LOW HITPOINT WARNING * * *
Unknown command.
Casting: Flame Tongue (safe; 10% risk of failure)
Confirm with . or Enter, or press ? or * to list all spells.
Aiming: Flame Tongue (safe; 10% risk of failure)
Press: ? - help, Shift-Dir - straight line, f/p - hobgoblin
Aim: a hobgoblin (almost dead)
The flame tongue misses the hobgoblin.
The flame tongue hits the rat.
You kill the rat!
The hobgoblin hits you.
You die...

# #...# # #...#
###########...# ### #...#
#........#.... ..## #...#
#........#...# #..###...#
#........#.r.#
##.(†)...###........#..(#
####...............#...####
###.........#####......#
#(........@g(J(r.(....
................#######..J.#
.......###+##...# ..#
....... #...# # .......
#...# ....#.. ##### ....#..
....... .)..#


You could see an ooze, a hobgoblin and a rat.

Vanquished Creatures
  An ooze (D:1)
  2 leopard geckos (D:1)
  2 giant cockroaches (D:1)
  A hobgoblin (D:1)
  A bat (D:1)
  A frilled lizard (D:1)
  A kobold (D:1)
  A rat (D:1)
10 creatures vanquished.

Notes
Turn   | Place    | Note
-------+----------+-------------------------------------------
     0 | D:1      | 4thArraOfDagon the Mummy Fire Elementalist began the quest for the Orb.
     0 | D:1      | Reached XP level 1. HP: 13/13 MP: 4/4
   108 | D:1      | Reached skill level 1 in Conjurations
   180 | D:1      | :(
   359 | D:1      | Reached XP level 2. HP: 10/19 MP: 1/5
   375 | D:1      | Reached skill level 3 in Spellcasting
   400 | D:1      | Slain by a hobgoblin

Vault maps used:
D:1:      lemuel_arrival_muddy, eino_curves_04

Skill      XL: |  1  2 |
---------------+-------+-----
Conjurations   | 1 |  1.3
Spellcasting   | 3 |  3.0
Dodging        | |  1.5
Stealth        | |  1.5
Fire Magic     | |  2.7

Action                   || total
-------------------------++-------
Melee: Unarmed           ||     3
Throw: Javelin           ||    13
       Throwing net      ||     2
 Cast: Flame Tongue      ||    14
Armor: Robe              ||    10
Dodge: Dodged            ||    10

Table legend:
 A = Spawn XP
 B = Non-spawn XP
 C = Spawn XP percentage of total XP
 D = Spawn monster count
 E = Non-spawn monster count
 F = Spawn count percentage of total count
 G = Total turns spent on level
                    A         B        C        D         E        F      G
               +---------+---------+-------+---------+---------+-------+---------
         Total |       0 |      23 |   0.0 |       0 |      10 |   0.0 |   400
               +---------+---------+-------+---------+---------+-------+---------
           D:1 |       0 |      23 |   0.0 |       0 |      10 |   0.0 |   400
               +---------+---------+-------+---------+---------+-------+---------
